AoeStats
← Lord_Devil

Nomad

509216962Analyzed
2v2 RM · 5d ago on Sep 25, 2026· 79m 30s· 4 players
Game mode
Random Map
Map size
176×176
Population
200
Speed
Normal
Resources
Standard
Victory
Conquest
Starting age
Dark Age
Ending age
Imperial Age
RankedLock teamsTeams togetherTeam positionsShared explorationLock speedFull tech treeHidden civsTurbo modeCheats
Victory
Defeat
🇦🇷 Persians · Argentina
1027
+16
🇦🇷 Vietnamese · Argentina
1026
+16
🇺🇸 Saxons · United States
1044
-16
🇳🇱 Teutons · Netherlands
1023
-16
Lord_Devil
6:17 Loom
13:22 Feudal Age
14:41 Double-Bit Axe
16:02 Wheelbarrow
15:28 Gold Mining
23:12 Castle Age
43:10 Squires
52:03 Bow Saw
54:52 Scale Mail Armor
55:03 Forging
56:39 Pikeman
60:02 Imperial Age
69:07 Chain Mail Armor
taisho84
5:21 Loom
15:46 Feudal Age
16:14 Double-Bit Axe
16:10 Horse Collar
20:21 Castle Age
19:20 Stone Mining
21:04 Scale Mail Armor
33:01 Imperial Age
31:22 Bow Saw
32:31 Wheelbarrow
32:03 Fletching
32:07 Pikeman
33:04 Bodkin Arrow
33:12 Squires
35:00 Crenellations
35:24 Halberdier
36:21 Forging
37:03 Conscription
38:11 Chemistry
37:32 Ballistics
37:17 Padded Archer Armor
39:05 Two-Man Saw
40:04 Elite Skirmisher
43:10 Arson
49:18 Heavy Plow
52:41 Hoardings
65:33 Crop Rotation
67:08 Iron Casting
69:41 Elite Teutonic Knight
76:06 Arrowslits
76:32 Masonry
mgabriels
5:24 Loom
12:52 Feudal Age
16:33 Double-Bit Axe
16:21 Man-at-Arms
17:48 Scale Mail Armor
20:00 Forging
29:47 Castle Age
29:04 Town Watch
30:26 Scale Barding Armor
31:07 Bow Saw
31:43 Chain Barding Armor
32:10 Bloodlines
35:02 Husbandry
35:58 Chain Barding Armor
36:40 Iron Casting
37:45 Fletching
42:31 Wheelbarrow
46:16 Imperial Age
43:55 Bodkin Arrow
45:07 Padded Archer Armor
46:17 Horse Collar
46:00 Cavalier
48:26 Blast Furnace
49:14 Heavy Plow
51:38 Two-Man Saw
55:01 Savar
58:12 Plate Barding Armor
58:11 Elite Skirmisher
59:07 Leather Archer Armor
59:08 Gold Mining
61:53 Gold Shaft Mining
63:38 Chemistry
62:59 Ballistics
63:44 Hand Cart
63:54 Hand Cart
64:22 Citadels
64:37 Conscription
70:50 Ring Archer Armor
70:36 Chain Mail Armor
74:40 Imperial Skirmisher
dieguinbo
4:36 Loom
14:58 Feudal Age
15:02 Man-at-Arms
16:22 Double-Bit Axe
23:00 Wheelbarrow
24:45 Castle Age
22:32 Town Watch
22:46 Gold Mining
22:39 Horse Collar
25:46 Bloodlines
25:30 Fletching
25:40 Padded Archer Armor
25:53 Forging
25:46 Crossbowman
29:04 Stone Mining
29:22 Heavy Plow
32:34 Bodkin Arrow
34:15 Ballistics
33:36 Treadmill Crane
35:38 Bow Saw
37:57 Leather Archer Armor
41:02 Imperial Age
38:26 Fishing Lines
39:00 Husbandry
39:40 Hand Cart
40:04 Thumb Ring
41:37 Arbalester
45:00 Light Cavalry
49:45 Two-Man Saw
49:24 Stone Shaft Mining
51:34 Chemistry
51:54 Bracer
57:37 Ring Archer Armor
57:44 Iron Casting
57:14 Scale Barding Armor
61:36 Capped Ram
66:07 Caravan
67:26 Chain Barding Armor
Connection lost

Rejoining the realm…

Still unreachable

The connection could not be restored.

Session expired

The server has moved on; the page needs a fresh start.